 Dungeon Crawl Stone Soup version 0.29-a0-297-g7659ce593d (webtiles) character file.

Game seed: 12256457316966286016

41 kae the Firebug (level 3, -2/20 HPs)
             Began as a Tengu Fire Elementalist on Mar 20, 2022.
             Killed by nerve-wracking pain
             ... invoked by Jessica
              (10 damage)
             ... on level 2 of the Dungeon.
             The game lasted 00:00:44 (1691 turns).

kae the Firebug (Tengu Fire Elementalist)           Turns: 1691, Time: 00:00:45

Health: -2/20      AC:  2    Str:  8    XL:     3   Next: 52%
Magic:  4/7        EV: 12    Int: 17    God:
Gold:   45         SH:  0    Dex: 14    Spells: 0/6 levels left

rFire   . . .      SeeInvis .   (no weapon)
rCold   . . .      Faith    .   (no shield)
rNeg    . . .      Spirit   .   a - +0 robe
rPois   .          Reflect  .   (helmet restricted)
rElec   .          Harm     .   (no cloak)
rCorr   .          Rampage  .   (no gloves)
Will    .....                   (boots unavailable)
Stlth   ++........              (no amulet)
HPRegen 0.06/turn               (no ring)
MPRegen 0.10/turn               (no ring)

@: no status effects
A: beak, talons 3
a: no special abilities


You were on level 2 of the Dungeon.
You visited 1 branch of the dungeon, and saw 2 of its levels.

You collected 45 gold pieces.

Inventory:

Armour
 a - a +0 robe (worn)
Potions
 b - a potion of magic
 c - 3 potions of ambrosia {unknown}
 d - a potion of resistance {unknown}
 e - a potion of attraction {unknown}


   Skills:
 + Level 1.1 Fighting
 - Level 2.1 Dodging
 - Level 2.0 Stealth
 + Level 2.3 Spellcasting
 + Level 2.3 Conjurations
 * Level 4.0 Fire Magic


You couldn't memorise any spells.
You knew the following spells:

 Your Spells              Type           Power      Damage    Failure   Level
a - Foxfire               Conj/Fire      48%        2x1d6     5%          1
b - Scorch                Fire           30%        2d7       5%          2
c - Conjure Flame         Conj/Fire      12%        6-21      16%         3

Your spell library contained the following spells:

 Spells                   Type           Power      Damage    Failure   Level
 Freeze                   Ice            8%         1d3       19%         1
 Sandblast                Erth           4%         2d4       19%         1
 Inner Flame              Hex/Fire       8%         N/A       24%         3
 Flame Wave               Conj/Fire      12%        2d6       45%         4
 Frozen Ramparts          Ice            4%         1d2       50%         3
 Hailstorm                Conj/Ice       5%         3d4       75%         4
 Olgreb's Toxic Radiance  Pois           2%         N/A       88%         4
 Eringya's Noxious Bog    Tmut/Pois      1%         N/A       100%        6
 Statue Form              Tmut/Erth      1%         N/A       100%        6


Dungeon Overview and Level Annotations

Branches:
Dungeon (2/15)

Altars:

Annotations:
D:2 Jessica


Innate Abilities, Weirdness & Mutations

You have a beak for a mouth.
You have claws for feet.


Message History

There is an open door here.
You now have 45 gold pieces (gained 12).
e - a smoky purple potion You open the door.
Jessica the Apprentice Sorceress comes into view.
She is wielding a +0 club.
Jessica is nearby!
Jessica is nearby!
Casting: Foxfire (safe; 5% risk of failure)
Confirm with . or Enter, or press ? or * to list all spells.
You conjure some foxfire!
Jessica shouts!
Casting: Foxfire (safe; 5% risk of failure)
Confirm with . or Enter, or press ? or * to list all spells.
You conjure some foxfire!
A goblin comes into view. It is wielding a +0 club.
Your foxfire dissipates!
The foxfire hits Jessica.
Jessica is lightly wounded.
Jessica casts a spell.
Jessica seems to speed up.
The goblin falls through a shaft!
The shaft crumbles and collapses.
Your foxfire dissipates!
Your foxfire dissipates!
Casting: Foxfire (safe; 5% risk of failure)
Confirm with . or Enter, or press ? or * to list all spells.
You conjure some foxfire!
The foxfire hits Jessica.
Jessica is heavily wounded.
The foxfire hits Jessica.
Jessica is severely wounded.
Casting: Foxfire (safe; 5% risk of failure)
Confirm with . or Enter, or press ? or * to list all spells.
You conjure some foxfire!
Jessica points at you and mumbles some strange words.
Pain shoots through your body!
Ouch! That really hurt!
Jessica points at you and mumbles some strange words.
Pain shoots through your body!
Ouch! That really hurt!
You die...

#.# #.### #.# #.# # #+
######.## #.### ...
#.......# #.... ..@.
#.###...### ##.## .....
#.........# ##.##
......##.....#.#.#######...#
......'...vv................
......###.@@.###.#######...#
..... #.#ยง..##.# ##.## ....
#.###.##.# #.# ... #.#
#.##.# #.# #+ #.# #<##.# #.#
#........# #.# #####.####
#.# #.# #.# #.# #.#


You could see Jessica (fast, ally target).

Vanquished Creatures
  A dart slug (D:2)
  2 ball pythons (D:1)
  2 endoplasms
  A giant cockroach (D:1)
  A goblin (D:1)
  2 hobgoblins
  7 jackals (D:1)
  3 quokkas (D:2)
  2 bats (D:2)
  4 frilled lizards
  3 kobolds (D:1)
  7 rats
35 creatures vanquished.

Vanquished Creatures (others)
  124 foxfires
  13 plants (D:2)
137 creatures vanquished.

Grand Total: 172 creatures vanquished

Notes
Turn   | Place    | Note
-------+----------+-------------------------------------------
     0 | D:1      | kae the Tengu Fire Elementalist began the quest for the
                  | Orb.
     0 | D:1      | Reached XP level 1. HP: 10/10 MP: 4/4
    79 | D:1      | Found a faded altar of an unknown god.
   269 | D:1      | Reached XP level 2. HP: 16/16 MP: 4/6
   760 | D:1      | Got the Volume of Ashen Venom
   906 | D:1      | Reached XP level 3. HP: 17/20 MP: 1/7
   983 | D:1      | Learned a level 2 spell: Scorch
   987 | D:1      | Learned a level 3 spell: Conjure Flame
  1013 | D:1      | Reached skill level 1 in Fighting
  1626 | D:2      | Reached skill level 4 in Fire Magic
  1680 | D:2      | Noticed Jessica
  1691 | D:2      | Killed from afar by Jessica

Illustrated notes

Levels and vault maps discovered:
D:1:      dpeg_arrival_snail, layout_rooms,
          chequers_ecumenical_altar_simple_redux, minmay_misc_feat_rows
D:2:      layout_loops_corners, serial_bayou_ford_a, uniq_jessica

Skill      XL: |  1  2  3 |
---------------+----------+-----
Conjurations   | 2 |  2.3
Fighting       | 1 |  1.1
Fire Magic     | 4 |  4.0
Dodging        | |  2.1
Stealth        | |  2.0
Spellcasting   | |  2.3

Action                   || total
-------------------------++-------
Melee: Unarmed           ||     4
       Kick              ||     2
 Cast: Foxfire           ||    73
  Use: Scroll            ||     3
Armor: Robe              ||     6
Dodge: Dodged            ||    13

Table legend: (Time is in decaauts)
 A = Elapsed time spent in this place.
 B = Non-inter-level travel time spent in this place.
 C = Inter-level travel time spent in this place.
 D = Time resting spent in this place.
 E = Time spent auto-exploring this place.
 F = Levels seen in this place.
 G = Mean time per level.
                   A        B        C        D        E       F      G
               +--------+--------+--------+--------+--------+-----+--------+
         Total |   1691 |   1669 |     22 |      9 |   1423 |   2 |  845.5 |
       Dungeon |   1691 |   1669 |     22 |      9 |   1423 |   2 |  845.5 |
               +--------+--------+--------+--------+--------+-----+--------+

Top non-repeatable levels by time:
     D:1: 1094 daAuts
     D:2: 597 daAuts
